 Dungeon Crawl Stone Soup version 0.31-a0-1447-g87ca8d402b (webtiles) character file.

Game seed: 4513378140865049753

2 kae the Vexing (level 1, -1/13 HPs)
             Began as a Demonspawn Enchanter on Dec 27, 2023.
             Slain by a kobold
             ... wielding a +0 dagger
              (3 damage)
             ... on level 1 of the Dungeon.
             The game lasted 00:00:11 (131 turns).

kae the Vexing (Demonspawn Enchanter)                Turns: 131, Time: 00:00:12

Health: -1/13      AC:  2    Str:  8    XL:     1   Next: 25%
Magic:  3/3        EV: 12    Int: 15    God:
Gold:   12         SH:  0    Dex: 13    Spells: 4/4 levels left

rFire   . . .        a - +1 dagger
rCold   . . .        (no shield)
rNeg    . . .        b - +0 robe
rPois   .            (no helmet)
rElec   .            (no cloak)
rCorr   .            (no gloves)
SInv    .            (no boots)
Will    .....        (no amulet)
Stlth   ++           (no ring)
HPRegen 0.22/turn    (no ring)
MPRegen 0.08/turn

%: no passive effects
@: no status effects
A: no striking features
a: no special abilities


You were on level 1 of the Dungeon.
You visited 1 branch of the dungeon, and saw 1 of its levels.

You collected 12 gold pieces.


   Skills:
 + Level 0.1 Fighting
 * Level 0.9 Short Blades
 - Level 1.7 Dodging
 * Level 2.7 Stealth
 + Level 2.0 Spellcasting
 + Level 3.0 Hexes


You had 4 spell levels left.
You didn't know any spells.
Your spell library contained the following spells:

 Spells                   Type           Power      Damage    Failure   Level
 Ensorcelled Hibernation  Hex/Ice        12%        N/A       19%         2
 Confusing Touch          Hex            10%        N/A       19%         3
 Tukima's Dance           Hex            10%        N/A       19%         3
 Dazzling Flash           Conj/Hex       12%        N/A       34%         3

Inventory:

Hand Weapons
 a - a +1 dagger (weapon)
Missiles
 d - 8 stones
Armour
 b - a +0 robe (worn)
Scrolls
 f - a scroll of identify {unknown}
Potions
 c - 2 potions of invisibility
 e - a potion of cancellation {unknown}

Dungeon Overview and Level Annotations

Branches:
Dungeon (1/15) Zot: 5868

Altars:

#######.... ..........#
################.#.#
#............#...#..
.####...##.........#####
........##....†....#
..###...##.....)...#
#...##........##
#..@##........#
#..K##........#
#...##........#
#.>.########### #...#
#####


You could see a kobold.


Message History

The ball python barely misses you.
The ball python constricts you. 😕 HP[-2]
You take 2 damage, and now have 11/13 hp.
There are monsters nearby!
You hit the ball python. The goblin hits you with a +0 dagger.
The ball python closely misses you. The ball python constricts you.
You are too injured to fight recklessly! 😮 HP[-2]
You take 2 damage, and now have 9/13 hp.
Unknown command.
You are too injured to fight recklessly!
You are too injured to fight recklessly!
You hit the ball python but do no damage.
The ball python closely misses you. The ball python constricts you.
The goblin barely misses you. The ball python barely misses you.
The ball python constricts you. 😮 HP[-2]
You take 2 damage, and now have 7/13 hp.
Unknown command.
You completely miss the ball python. The goblin hits you with a +0 dagger.
* * * LOW HITPOINT WARNING * * *
The ball python bites you but does no damage.
The ball python constricts you. 😨 HP[-2]
You take 2 damage, and now have 5/13 hp.
You hit the ball python.
You kill the ball python!
The goblin misses you.
Unknown command.
The goblin closely misses you.
You see here a ball python corpse. 😨 HP[+1]
The goblin hits you but does no damage.
You closely miss the goblin. The goblin hits you with a +0 dagger.
* * * LOW HITPOINT WARNING * * *
😨 HP[-1]
You take 1 damage, and now have 5/13 hp.
You barely miss the goblin. The goblin closely misses you.
Unknown command.
You hit the goblin. The goblin closely misses you.
You hit the goblin. The goblin hits you with a +0 dagger.
* * * LOW HITPOINT WARNING * * *
😱 HP[-2]
You take 2 damage, and now have 3/13 hp.
You barely miss the goblin. The goblin closely misses you.
You hit the goblin.
You kill the goblin!
Things that are here:
a +0 dagger; a goblin corpse
d - 8 stones (gained 5) Key pressed, stopping explore.
No target in view!
No target in view! 😎 HP[+10]
Your hp is fully restored (13).
e - a white potion No target in view!
No target in view!
f - a scroll labelled YMO PUORPHA No target in view!
No target in view!
No target in view!
No target in view!
No target in view!
No target in view!
Unknown command.
Unknown command.
A kobold comes into view. It is wielding a +0 dagger.
Found an escape hatch in the floor.
Unknown command.
A kobold is nearby!
A kobold is nearby!
The kobold shouts!
A kobold is nearby!
The kobold hits you with a +0 dagger. 😮 HP[-4]
You take 4 damage, and now have 9/13 hp.
MASSIVE DAMAGE!! (PAUSE) Unknown command.
You hit the kobold. The kobold barely misses you.
You miss the kobold.
The kobold hits you with a +0 dagger. 😮 HP[-2]
You take 2 damage, and now have 7/13 hp.
You miss the kobold.
The kobold hits you but does no damage. 😮 HP[+1]
You hit the kobold. The kobold hits you with a +0 dagger.
* * * LOW HITPOINT WARNING * * *
😨 HP[-4]
You take 4 damage, and now have 4/13 hp.
MASSIVE DAMAGE!! (PAUSE)
You miss the kobold. The kobold hits you with a +0 dagger.
* * * LOW HITPOINT WARNING * * *
😱 HP[-1]
You take 1 damage, and now have 3/13 hp.
You barely miss the kobold. The kobold hits you with a +0 dagger.
* * * LOW HITPOINT WARNING * * *
😱 HP[-1]
You take 1 damage, and now have 2/13 hp.
You barely miss the kobold. The kobold hits you with a +0 dagger.
You die...

Action                     || total
---------------------------++-------
  Melee: Dagger            ||    21
 Armour: Robe              ||    15
  Dodge: Dodged            ||    14

Levels and vault maps discovered:
D:1:      nicolae_arrival_washed_ashore, layout_basic, minivault_25

Notes
Turn   | Place    | Note
-------+----------+-------------------------------------------
     0 | D:1      | kae the Demonspawn Enchanter began the quest for the Orb.
     0 | D:1      | Reached XP level 1. HP: 13/13 MP: 3/3
     0 | D:1      | magus.rc [v1.11.3]
    59 | D:1      | HP: 3/13 [goblin/+0 dagger (3)]
   129 | D:1      | HP: 3/13 [kobold/+0 dagger (1)]
   131 | D:1      | Slain by a kobold

Vanquished Creatures
  A ball python (D:1)
  A goblin (D:1)
  A kobold (D:1)
3 creatures vanquished.

Table legend:
 A = Non-vault XP
 B = Vault XP
 C = Vault XP percentage of total XP
 D = Non-vault monster count
 E = Vault monster count
 F = Vault count percentage of total count
                 A         B        C        D         E       F
            +---------+---------+-------+---------+---------+-------
      Total |       3 |       0 |   0.0 |       3 |       0 |   0.0
            +---------+---------+-------+---------+---------+-------
        D:1 |       3 |       0 |   0.0 |       3 |       0 |   0.0
            +---------+---------+-------+---------+---------+-------

Action                     || total
---------------------------++-------
  Melee: Dagger            ||    21
 Armour: Robe              ||    15
  Dodge: Dodged            ||    14

Illustrated notes

Table legend:
 A = Kills in this place as a percentage of kills in the entire game.
 B = Kills by you in this place as a percentage of kills by you in the entire game.
 C = Kills by friends in this place as a percentage of kills by friends in the entire game.
 D = Other kills in this place as a percentage of other kills in the entire game.
 E = Experience gained in this place as a percentage of experience gained in the entire game.
 F = Experience gained in this place divided by the number of levels of this place that you have seen.
                   A       B       C       D       E      F
               +-------+-------+-------+-------+-------+----------------------
         Total | 100.0 | 100.0 |   N/A |   N/A | 100.0 |   3.0
       Dungeon | 100.0 | 100.0 |   N/A |   N/A | 100.0 |   3.0
               +-------+-------+-------+-------+-------+----------------------

Table legend: (Time is in decaauts)
 A = Elapsed time spent in this place.
 B = Non-inter-level travel time spent in this place.
 C = Inter-level travel time spent in this place.
 D = Time resting spent in this place.
 E = Time spent auto-exploring this place.
 F = Levels seen in this place.
 G = Mean time per level.
                   A        B        C        D        E       F      G
               +--------+--------+--------+--------+--------+-----+--------+
         Total |    130 |    130 |      0 |      0 |     91 |   1 |  130.0 |
       Dungeon |    130 |    130 |      0 |      0 |     91 |   1 |  130.0 |
               +--------+--------+--------+--------+--------+-----+--------+

Top non-repeatable levels by time:
     D:1: 130 daAuts
